cohdb
Replays
Latest Replays
All Replays
Popular Replays
Top Player Replays
Match Explorer
How It Works
Community
CoH3 Stats
Reddit
Sign in to upload your games and track your stats! →
Sign in with Steam
Match 38627483
Unlisted
Match 38627483
Overview
Messages
Build Orders
End
Kradschützen Motorcycle Team
Panzergrenadier Squad
Panzergrenadier Squad
250 Light Carrier
Construct Light Support Kompanie
Fire Support Elements
Selects Armored Support Battlegroup
Selects Veteran Gunners
Pak 38 Anti-tank Gun Team
2.5-tonne Medical Truck
Assault Mechanized Group
Assault Grenadier Squad
Panzergrenadier Squad
Selects Flammpanzer III Medium Tank
Flammpanzer III Medium Tank
Construct Panzerarmee Kommand
Pak 38 Mechanized Group
Armored Reserves
Selects Command Panzer IV F Medium Tank
Selects Salvage Kits
Selects Salvage Kits
Selects Panzer Storm
Assault Grenadier Squad
Assault Grenadier Squad
Tiger Heavy Tank
Tungsten Core Ammunition
Selects Stuka Anti-tank Loiter
Stuka Anti-tank Loiter
Walking Stuka Rocket Launcher
Blocky
Sierra
RikZon
Geist
Para_Dilshan
Herbolious
Commander Z
Gnavash
0
0
Comments
sign in to comment!
No comments posted yet!